 Dungeon Crawl Stone Soup version 0.28-a0-973-ga7f8b01127 (webtiles) character file.

Game seed: 6065694222033798242

33380 emperorscorpion the Thaumaturge (level 14, -7/87 HPs)
             Began as a Djinni Earth Elementalist on Dec 1, 2021.
             Was a Priest of Makhleb.
             Killed by divine providence
             ... invoked by a meliai
              (17 damage)
             ... on level 14 of the Dungeon.
             The game lasted 01:09:50 (23054 turns).

emperorscorpion the Thaumaturge (DjEE)             Turns: 23054, Time: 01:09:52

Health: -7/87      AC: 13    Str:  7    XL:     14   Next: 7%
Gold:   866        EV:  8    Int: 22    God:    Makhleb [***...] SH:  4 Dex: 14

rFire   + . .      SeeInvis .   b - staff of conjuration {!a}
rCold   . . .      Faith    +   C - +1 buckler
rNeg    . . .      Spirit   .   J - +1 scale mail of Bedevilment {+Blink}
rPois   ∞          Reflect  .   x - +0 helmet
rElec   .          Harm     .   z - +0 cloak
rCorr   .          Rampage  .   q - +0 pair of gloves
Will    +....                   (boots unavailable)
Stlth   ++........              P - amulet of faith
HPRegen 0.24/turn               N - +4 ring of slaying
MPRegen 0.00/turn               e - ring of ice

@: forested, flying
A: sickness immunity, fire resistance 2, cold vulnerability 1, float, innate
caster, hp casting, extra vitality 1
a: Renounce Religion, Evoke Blink, Minor Destruction, Lesser Servant of Makhleb


You were on level 14 of the Dungeon.
You worshipped Makhleb.
Makhleb was most pleased with you.
You visited 4 branches of the dungeon, and saw 17 of its levels.
You also visited: Sewer and Ossuary.

You collected 866 gold pieces.

Inventory:

Hand Weapons
 a - the +7 quick blade of Varchagu {protect, rF+ rC+ Str+3 Int+3}
   (You acquired it on level 6 of the Dungeon)

   It grants its wielder temporary protection when it strikes (+7 to AC).
   Str:       It affects your strength (+3).
   Int:       It affects your intelligence (+3).
   rF:        It protects you from fire.
   rC:        It protects you from cold.
 u - a +6 war axe of venom
Missiles
 c - 510 stones
 d - 11 javelins
 l - a throwing net
 p - 2 poisoned darts (quivered)
 A - 6 boomerangs
Armour
 m - the +1 scale mail of the Ladybird {rElec rF+ Regen+ Str-4}
   (You found it on level 7 of the Dungeon)

   Str:       It affects your strength (-4).
   rF:        It protects you from fire.
   rElec:     It insulates you from electricity.
   Regen:     It increases your rate of health regeneration.
 n - a +1 leather armour of positive energy
 q - a +0 pair of gloves (worn)
 x - a +0 helmet (worn)
 z - a +0 cloak (worn)
 C - a +1 buckler (worn)
 I - +0 acid dragon scales
 J - the +1 scale mail of Bedevilment (worn) {+Blink}
   (You found it on level 6 of the Dungeon)

   +Blink:    It lets you blink.
Magical Staves
 b - a staff of conjuration (weapon) {!a}
 i - a staff of air
Jewellery
 e - a ring of ice (right hand)
 N - a +4 ring of slaying (left hand)
 P - an amulet of faith (around neck)
Wands
 g - a wand of digging (6)
 k - a wand of polymorph (6)
 s - a wand of paralysis (9)
 F - a wand of iceblast (9)
 V - a wand of acid (5)
 Z - a wand of charming (3)
Scrolls
 f - a scroll of immolation
 t - 7 scrolls of identify
 v - 2 scrolls of blinking
 y - 2 scrolls of enchant weapon
 E - 2 scrolls of fear
 M - a scroll of teleportation
 R - 2 scrolls of brand weapon
 T - a scroll of magic mapping
Potions
 h - 7 potions of might
 j - 2 potions of lignification
 r - 3 potions of brilliance
 w - 4 potions of magic
 D - 2 potions of mutation
 K - 2 potions of flight
 L - a potion of ambrosia
 O - 3 potions of haste
 S - 3 potions of heal wounds
 U - 2 potions of curing
 W - a potion of invisibility
 X - 3 potions of attraction
 Y - 2 potions of berserk rage
Miscellaneous
 G - a tin of tremorstones (2/2)
 H - a piece from Xom's chessboard (15/15)


   Skills:
 + Level 3.0 Fighting
 + Level 2.8 Short Blades
 + Level 2.1 Maces & Flails
 - Level 2.0 Throwing
 + Level 9.3 Armour
 + Level 5.9 Dodging
 + Level 5.2 Stealth
 + Level 0.4 Shields
 + Level 14.3 Spellcasting
 + Level 1.5 Invocations
 + Level 3.8 Evocations


You had 12 spell levels left.
You knew the following spells:

 Your Spells              Type           Power      Damage    Failure   Level
a - Sandblast             Erth           100%       2d20      1%          1
b - Iskenderun's Mystic   Conj/Tloc      87%        2d17      1%          4
c - Stone Arrow           Conj/Erth      100%       3d13      1%          3
d - Petrify               Tmut/Erth      68%        N/A       1%          4
e - Summon Small Mammal   Summ           100%       N/A       1%          1
f - Corpse Rot            Necr/Air       100%       N/A       1%          2
g - Tukima's Dance        Hex            68%        N/A       1%          3
h - Summon Ice Beast      Ice/Summ       87%        N/A       1%          4
i - Passwall              Tmut/Erth      56%        N/A       1%          2
j - Summon Forest         Summ/Tloc      34%        N/A       3%          5
Your spell library was empty.

Dungeon Overview and Level Annotations

Branches:
Dungeon (14/15)            Temple (1/1) D:4            Lair (1/6) D:8
    Orc (1/2) D:9          Vaults (0/5) D:14          Sewer (visited)
Ossuary (visited)

Altars:
Ashenzari
Cheibriados
Dithmenos
Elyvilon
Fedhas
Gozag
Hepliaklqana
Kikubaaqudgha
Makhleb
Nemelex Xobeh
Okawaru
Qazlal
Ru
Sif Muna
Trog
Uskayaw
Vehumet
Wu Jian
Xom
Yredelemnul
Zin
The Shining One

Shops:
D:1 (   D:3 :

Annotations:
D:6 2 runed translucent doors
D:11 3 runed translucent doors, Megustar's ghost, journeyman DEFE
D:12 Rupert
D:14 1 runed translucent door


Innate Abilities, Weirdness & Mutations

You are immune to sickness and miasma.
You are immune to poison.
Your flesh is very heat resistant. (rF++)
You are vulnerable to cold. (rC-)
You float through the air rather than walking.
You learn spells naturally, not from books.
Your magical power is your life essence.
You have superior vitality. (+4 HP)


Message History

Confirm with . or Enter, or press ? or * to list all spells.
You feel a surge of power! Really blast near your dryad?
Okay, then.
The centaur is waved at by a branch.
The centaur warrior shoots an arrow.
You block the arrow.
The meliai calls down the wrath of its god upon you.
Something smites you!
The centaur is hit by a branch!
The centaur warrior shoots an arrow.
The arrow hits you!
The centaur hits you but does no damage.
You block the centaur's attack.
The meliai mumbles some strange prayers to its god against you.
Something smites you!
* * * LOW HITPOINT WARNING * * *
Tree limbs sway around you.
A root smacks the centaur from below!
The centaur dies!
Makhleb accepts your kill.
The meliai calls upon its god to heal something.
The centaur is hit by a branch!
The centaur warrior shoots an arrow.
The arrow hits your dryad!
The centaur hits you but does no damage.
The centaur kicks you but does no damage.
Tree limbs sway around you.
The meliai is waved at by a branch.
A tree reaches out and hits the centaur!
The centaur dies!
Makhleb accepts your kill.
The meliai calls upon its god to heal the meliai.
The meliai is healed somewhat.
Your Fighting skill increases to level 3!
A tree reaches out but misses the centaur.
The meliai is hit by a branch!
The meliai calls down the wrath of its god upon you.
Something smites you!
* * * LOW HITPOINT WARNING * * *
The meliai calls down the wrath of its god upon you.
Something smites you!
You die...

.≈......≈≈≈..........# ##.
.)......≈≈≈....#####.## #..
.../[.c..⌠.♣...## #..# ##..
.....♣.:........# ##.#####...
......)......♣..####........#.
(♣..........###..##...##..####
..y...##y...♣ #......###..# #
.....# ♣#..R#♣##...### #.## #
♣#.## #♣.y.c@....## #.# #
#...♣♣#....# ### ♣.....#####.#
#.♣##♣♣.. #.# #.# ##....# ##
####


You could see a centaur warrior, 2 meliai, a centaur (ally target) and a
friendly dryad (summoned).

Vanquished Creatures
  4 vault guards (D:14)
  2 boulder beetles
  A hydra (D:13)
  A centaur warrior (D:14)
  6 two-headed ogres
  A skeletal warrior (D:14)
  A harpy (shapeshifter) (D:14)
  A wolf spider (D:14)
  4 ugly things
  A cyclops (D:14)
  2 orc sorcerers (D:14)
  A black mamba (shapeshifter) (D:13)
  A gargoyle (D:14)
  An unseen horror (D:6)
  Psyche (D:11)
  A kobold demonologist (D:14)
  A tengu conjurer (D:14)
  8 trolls
  7 slime creatures (D:14)
  Grinder (D:5)
  4 wraiths
  2 wyverns
  4 vampires
  A nameless horror (D:13)
  A tarantella (shapeshifter) (D:14)
  11 yaks
  A human (D:14)
  A basilisk (D:14)
  Eustachio (D:5)
  12 vampire mosquitoes
  Menkaure (D:7)
  Edmund (D:4)
  2 acid dragons
  2 water moccasins
  Pargi (Sewer)
  3 ice beasts
  2 sky beasts (D:8)
  8 orc warriors
  A necrophage (D:5)
  A black bear (D:4)
  5 centaurs
  2 ogres
  A phantom (D:4)
  A gnoll sergeant (D:6)
  5 bullfrogs
  A scorpion (D:6)
  2 water moccasin skeletons (D:6)
  28 killer bees
  21 wights
  2 howler monkeys (D:8)
  A bullfrog zombie (D:5)
  4 centaur zombies
  4 jellies
  2 orc priests
  Crazy Yiuf (D:5)
  5 hounds
  A centaur skeleton (D:5)
  3 gnoll shamans
  2 bullfrog skeletons
  2 iguanas (D:6)
  8 orc wizards
  A hound skeleton (D:5)
  20 gnolls
  A howler monkey skeleton (D:7)
  19 adders
  A shadow imp (D:6)
  2 white imps (D:6)
  2 ufetubi (D:6)
  An adder skeleton (D:2)
  2 adder zombies
  A worm (D:4)
  6 dart slugs
  26 orcs
  16 ball pythons
  8 endoplasms
  3 giant cockroaches
  6 goblins
  6 hobgoblins
  2 jackals (D:1)
  2 quokkas (D:1)
  5 bats
  4 frilled lizards
  A hobgoblin skeleton (Ossuary)
  2 hobgoblin zombies (Ossuary)
  A jackal skeleton (D:2)
  3 kobolds
  An orc skeleton (Ossuary)
  2 orc zombies (Ossuary)
  5 rats
  A spectral kobold (D:2)
357 creatures vanquished.

Vanquished Creatures (collateral kills)
  3 two-headed ogres
  2 skeletal warriors (D:14)
  A kobold demonologist (D:13)
  An efreet (D:13)
  2 centaurs (D:14)
  A wight (D:7)
  An orc priest (D:11)
  An orc wizard (D:5)
  A white imp (D:7)
  4 orcs
17 creatures vanquished.

Vanquished Creatures (others)
  8 dancing weapons
  4 fungi (D:5)
  2 withered plants (D:2)
14 creatures vanquished.

Grand Total: 388 creatures vanquished

Notes
Turn   | Place    | Note
-------+----------+-------------------------------------------
     0 | D:1      | emperorscorpion the Djinni Earth Elementalist began the
                  | quest for the Orb.
     0 | D:1      | Reached XP level 1. HP: 15/15 MP: 0/0
    68 | D:1      | Reached XP level 2. HP: 17/21 MP: 0/0
   452 | D:1      | Reached skill level 3 in Spellcasting
   467 | D:1      | Reached XP level 3. HP: 20/25 MP: 0/0
   467 | D:1      | Learned a level 1 spell: Summon Small Mammal
   606 | D:1      | Found Xucvubec's Antique Weapon Emporium.
  1228 | D:2      | Reached XP level 4. HP: 30/31 MP: 0/0
  1354 | D:2      | Found a faded altar of an unknown god.
  1362 | D:2      | Prayed at the altar of an unknown god.
  1362 | D:2      | Became a worshipper of Elyvilon the Healer
  1362 | D:2      | Reached * piety under Elyvilon
  1979 | D:3      | Reached XP level 5. HP: 31/35 MP: 0/0
  1979 | D:3      | Learned a level 2 spell: Corpse Rot
  2356 | D:3      | Found Seolitep's Book Shop.
  2421 | D:3      | Reached ** piety under Elyvilon
  2495 | D:3      | Reached skill level 4 in Spellcasting
  3053 | D:4      | Noticed Edmund
  3092 | D:4      | Killed Edmund
  3093 | D:4      | Reached skill level 1 in Maces & Flails
  3093 | D:4      | Reached XP level 6. HP: 13/41 MP: 0/0
  3805 | D:4      | Reached *** piety under Elyvilon
  3927 | D:4      | Found a white marble altar of Elyvilon.
  3938 | D:4      | Reached XP level 7. HP: 43/46 MP: 0/0
  3938 | D:4      | Learned a level 3 spell: Tukima's Dance
  4607 | D:4      | Reached skill level 5 in Spellcasting
  4649 | D:4      | Found a staircase to the Ecumenical Temple.
  4664 | Temple   | Entered the Ecumenical Temple
  5056 | D:4      | Found a shadowy altar of Dithmenos.
  5110 | D:5      | Entered Level 5 of the Dungeon
  5120 | D:5      | Noticed Eustachio
  5122 | D:5      | Reached skill level 1 in Fighting
  5122 | D:5      | Reached skill level 1 in Throwing
  5144 | D:5      | Killed Eustachio
  5145 | D:5      | Reached skill level 1 in Armour
  5145 | D:5      | Reached XP level 8. HP: 19/52 MP: 0/0
  5827 | D:5      | Found a basalt altar of Yredelemnul.
  5944 | D:5      | Reached skill level 6 in Spellcasting
  6603 | D:5      | Found a runed translucent door.
  6603 | D:5      | Noticed Grinder
  6603 | D:5      | Noticed Crazy Yiuf
  6608 | D:5      | Was placed under penance by Elyvilon
  6611 | D:5      | Killed Crazy Yiuf
  6612 | D:5      | Reached XP level 9. HP: 57/57 MP: 0/0
  6612 | D:5      | Learned a level 4 spell: Summon Ice Beast
  6620 | D:5      | Killed Grinder
  6621 | D:5      | Reached skill level 7 in Spellcasting
  7194 | D:6      | Identified a scroll of acquirement
  7194 | D:6      | Acquired the +7 quick blade of Varchagu {protect, rF+ rC+
                  | Str+3 Int+3}
  7209 | D:6      | Found a glowing drain.
  7222 | Sewer    | Entered a sewer
  7286 | Sewer    | Noticed Pargi
  7297 | Sewer    | Killed Pargi
  7378 | Sewer    | Was forgiven by Elyvilon
  7919 | D:6      | Reached skill level 8 in Spellcasting
  8216 | D:6      | Found a large runed translucent door.
  8217 | D:6      | Found a large runed translucent door.
  8235 | D:6      | Found a large runed translucent door.
  8235 | D:6      | Found a large runed translucent door.
  8242 | D:6      | Reached skill level 1 in Short Blades
  8267 | D:6      | Reached XP level 10. HP: 56/64 MP: 0/0
  8536 | D:6      | Noticed a two-headed ogre
  8561 | D:6      | Killed a two-headed ogre
  8827 | D:6      | Reached skill level 5 in Stealth
  8840 | D:6      | Reached skill level 9 in Spellcasting
  9018 | D:6      | Identified the +1 scale mail of Bedevilment {+Blink}
  9421 | D:6      | Killed an unseen horror
  9422 | D:6      | Reached skill level 1 in Evocations
 10237 | D:7      | Reached **** piety under Elyvilon
 10412 | D:7      | Noticed Menkaure
 10425 | D:7      | HP: 2/65 [bullfrog (5)]
 10428 | D:7      | Killed Menkaure
 10430 | D:7      | Reached XP level 11. HP: 23/69 MP: 0/0
 10430 | D:7      | Learned a level 4 spell: Iskenderun's Mystic Blast
 10753 | D:7      | Identified the +1 scale mail of the Ladybird {rElec rF+
                  | Regen+ Str-4}
 11425 | D:8      | Reached skill level 10 in Spellcasting
 11557 | D:8      | Found a glowing silver altar of Zin.
 11563 | D:8      | Found a burning altar of Makhleb.
 11568 | D:8      | Found a stormy altar of Qazlal.
 11733 | D:8      | Found a sand-covered staircase.
 11874 | D:8      | Found an opulent altar of Gozag.
 11900 | Ossuary  | Entered an ossuary
 12355 | Ossuary  | Reached skill level 1 in Invocations
 12600 | D:8      | Found a staircase to the Lair.
 13446 | D:8      | Fell from the grace of Elyvilon
 13446 | D:8      | Became a worshipper of Makhleb the Destroyer
 13870 | D:9      | Found a staircase to the Orcish Mines.
 14832 | D:10     | Entered Level 10 of the Dungeon
 14835 | D:10     | Reached skill level 5 in Armour
 14837 | D:10     | Noticed a two-headed ogre
 14839 | D:10     | Reached skill level 11 in Spellcasting
 15148 | D:10     | Killed a two-headed ogre
 15331 | D:10     | Reached * piety under Makhleb
 15332 | D:10     | Reached XP level 12. HP: 47/76 MP: 0/0
 15582 | D:10     | Reached skill level 5 in Dodging
 15764 | D:10     | Found a sacrificial altar of Ru.
 16041 | D:11     | Noticed Psyche
 16048 | D:11     | Killed Psyche
 16291 | D:11     | Noticed a two-headed ogre
 16301 | D:11     | Killed a two-headed ogre
 16689 | D:11     | Noticed a two-headed ogre
 17676 | D:11     | Found a runed translucent gate.
 17677 | D:11     | Found a runed translucent gate.
 17678 | D:11     | Found a runed translucent gate.
 17690 | D:11     | Killed a two-headed ogre
 17690 | D:11     | Reached ** piety under Makhleb
 17691 | D:11     | Reached skill level 12 in Spellcasting
 18037 | D:11     | Noticed Megustar's ghost (journeyman DEFE)
 18040 | D:11     | Noticed a minotaur
 18279 | Orc:1    | Entered Level 1 of the Orcish Mines
 18333 | Lair:1   | Entered Level 1 of the Lair of Beasts
 18333 | Lair:1   | Noticed a seven-headed hydra
 19055 | D:12     | Noticed a two-headed ogre
 19202 | D:12     | Noticed a boulder beetle
 19239 | D:12     | Killed a boulder beetle
 19241 | D:12     | Killed a two-headed ogre
 19363 | D:12     | Noticed a two-headed ogre
 19368 | D:12     | Killed a two-headed ogre
 19481 | D:12     | Found an iron altar of Okawaru.
 19492 | D:12     | Noticed a two-headed ogre
 19508 | D:12     | Noticed Rupert
 19509 | D:12     | Killed a two-headed ogre
 19510 | D:12     | Was forgiven by Elyvilon
 19769 | D:13     | Reached XP level 13. HP: 68/80 MP: 0/0
 19769 | D:13     | Learned a level 5 spell: Summon Forest
 20100 | D:13     | Noticed a four-headed hydra
 20104 | D:13     | Killed a four-headed hydra
 20491 | D:14     | Found a bloodstained altar of Trog.
 20926 | D:14     | Reached skill level 13 in Spellcasting
 21287 | D:14     | Reached *** piety under Makhleb
 21322 | D:14     | Found a runed translucent door.
 21341 | D:14     | Noticed a vault guard
 21385 | D:14     | Killed a vault guard
 21508 | D:14     | Noticed a vault guard
 21541 | D:14     | Killed a vault guard
 21753 | D:14     | Found a gate to the Vaults.
 21753 | D:14     | Noticed a vault guard
 21753 | D:14     | Noticed a vault guard
 21775 | D:14     | Killed a vault guard
 21777 | D:14     | Killed a vault guard
 22026 | D:14     | Found a runed translucent door.
 22520 | D:14     | Reached skill level 14 in Spellcasting
 22626 | D:14     | Noticed a centaur warrior
 22631 | D:14     | Killed a centaur warrior
 22729 | D:14     | Noticed a boulder beetle
 22739 | D:14     | Killed a boulder beetle
 22913 | D:14     | Reached XP level 14. HP: 77/85 MP: 0/0
 23054 | D:14     | Killed from afar by a meliai

Illustrated notes

Levels and vault maps discovered:
D:1:      scummos_arrival_forest, layout_rooms, serial_shops, shop
D:2:      minmay_razor_zed, layout_basic, serial_undead, serial_undead_f,
          serial_undead_c, serial_undead_f, serial_undead_b,
          dreamdust_ecumenical_altar_drowned_temple
D:3:      layout_basic, serial_shops, shop, corexii_leaking_fountain
D:4:      layout_gridville, lemuel_tele_altar, nicolae_elyvilon_peaceful_grove,
          mainiacjoe_overflow_alcove_2, minmay_temple_entry_tees,
          minmay_snake_closets, uniq_edmund
D:5:      layout_basic, yredelemnul_altar_generic, uniq_eustachio,
          uniq_crazy_yiuf_cottage, uniq_grinder
D:6:      layout_basic, portal_sewer_entry_d, minmay_hollow_rounded_squares
D:7:      layout_basic, nicolae_water_bricks, chequers_serial_rivers_large_a,
          uniq_menkaure
D:8:      layout_loops_ring, mainiacjoe_overflow_catwalk,
          minmay_overflow_temple_star_quad, lair_entry_dummy,
          nicolae_ossuary_entry_false_entrances
D:9:      layout_irregular_city, minivault_19
D:10:     layout_cross, nicolae_ru_great_annihilating_truth
D:11:     layout_stronghold, maelrawn_ghost_gauntlet_escape, uniq_psyche
D:12:     layout_cave_pods, okawaru_trees_1, uniq_rupert
D:13:     layout_rooms
D:14:     cheibrodos_histonic, layout_layer_cave, grunt_vaults_entry_fortified,
          bloody_trog, serial_park_tiny_pond, minmay_misc_feat_plants,
          guppyfry_shop_venom
Temple:   dshaligram_water_room_temple
Lair:1:   minmay_lair_venomous_thicket, layout_small_grid, minivault_19,
          cheibrodos_lair_caveside_slide, beast_lair_carwin_7, uniq_grum,
          uniq_prince_ribbit2
Orc:1:    layout_caves, mines5_lemuel

Skill      XL: |  1  2  3  4  5  6  7  8  9 10 11 12 13 14 |
---------------+-------------------------------------------+-----
Spellcasting   | 3 4 5 6 8 9 11 12 14 | 14.3
Dodging        | 3 4 5 |  5.9
Stealth        | 2 3 5 |  5.2
Maces & Flails | 1 2 |  2.1
Fighting       | 1 2 3 |  3.0
Throwing       | 1 2 |  2.0
Armour         | 1 2 3 5 8 9 |  9.3
Short Blades   | 1 2 |  2.8
Evocations     | 1 2 3 |  3.8
Invocations    | 1 |  1.5
Shields        | |  0.4

Action                   |  1- 3 |  4- 6 |  7- 9 | 10-12 | 13-15 || total
-------------------------+-------+-------+-------+-------+-------++-------
Melee: Whip              |    39 |    35 |     9 |       |       ||    83
       Quick blade       |       |       |    24 |    10 |       ||    34
Throw: Dart              |       |     8 |    11 |    58 |    12 ||    89
       Stone             |       |       |       |     1 |       ||     1
 Cast: Sandblast         |    31 |    39 |    14 |     4 |     1 ||    89
       Stone Arrow       |       |    23 |   101 |   228 |   122 ||   474
       Summon Small Mamm |       |     2 |       |     4 |       ||     6
       Tukima's Dance    |       |       |    16 |    12 |    28 ||    56
       Iskenderun's Myst |       |       |       |    76 |    20 ||    96
       Summon Ice Beast  |       |       |       |     2 |       ||     2
       Summon Forest     |       |       |       |       |     7 ||     7
       Corpse Rot        |       |       |       |       |     1 ||     1
Invok: Heal Self         |       |       |       |     3 |       ||     3
 Abil: Evoke Blink       |       |       |       |     6 |     2 ||     8
Evoke: Wand              |       |       |     2 |     9 |       ||    11
       Piece from Xom's  |       |       |       |     3 |       ||     3
  Use: Scroll            |       |     7 |     5 |    13 |     5 ||    30
       Potion            |       |       |     1 |     1 |     1 ||     3
 Stab: Sleeping          |       |     2 |     3 |       |       ||     5
       Paralysed         |       |       |     5 |       |       ||     5
Armor: Robe              |     9 |     9 |       |       |       ||    18
       Leather armour    |       |       |    17 |       |       ||    17
       Scale mail        |       |       |       |    56 |    33 ||    89
Dodge: Dodged            |    54 |    31 |    38 |    41 |    19 ||   183
Block: Buckler           |       |       |       |    10 |     7 ||    17

Table legend: (Time is in decaauts)
 A = Elapsed time spent in this place.
 B = Non-inter-level travel time spent in this place.
 C = Inter-level travel time spent in this place.
 D = Time resting spent in this place.
 E = Time spent auto-exploring this place.
 F = Levels seen in this place.
 G = Mean time per level.
                   A        B        C        D        E       F      G
               +--------+--------+--------+--------+--------+-----+--------+
         Total |  23070 |  21601 |   1469 |   1599 |  17316 |  19 | 1214.2 |
       Dungeon |  21833 |  20389 |   1444 |   1599 |  16298 |  14 | 1559.5 |
        Temple |    302 |    278 |     24 |      0 |    268 |   1 |  302.0 |
          Lair |      5 |      5 |      0 |      0 |      0 |   1 |    5.0 |
  Orcish Mines |     13 |     13 |      0 |      0 |      0 |   1 |   13.0 |
         Sewer |    293 |    293 |      0 |      0 |    221 |   1 |  293.0 |
       Ossuary |    620 |    620 |      0 |      0 |    529 |   1 |  620.0 |
               +--------+--------+--------+--------+--------+-----+--------+

Top non-repeatable levels by time:
     D:6: 3002 daAuts
    D:14: 2203 daAuts
     D:4: 2176 daAuts
    D:11: 2088 daAuts
     D:9: 1732 daAuts
     D:5: 1614 daAuts
     D:8: 1565 daAuts
    D:10: 1547 daAuts
     D:2: 1246 daAuts
     D:3: 1057 daAuts
    D:12: 1025 daAuts
     D:7: 1005 daAuts
    D:13: 905 daAuts
     D:1: 663 daAuts
 Ossuary: 620 daAuts
